 Dungeon Crawl Stone Soup version bcrawl-1.15-1-g696c4cd9b6 (webtiles) character file.

Game seed: 3578293436418283849

27122 MisterOstroum the Black Sun (level 13, -6/85 HPs)
             Began as a Fairy Necromancer on Sept 24, 2019.
             Was a High Priest of Kikubaaqudgha.
             Killed from afar by a manticore (26 damage)
             ... with a volley of spikes
             ... on level 11 of the Dungeon.
             The game lasted 00:53:17 (16147 turns).

MisterOstroum the Black Sun (Fairy Necromancer)    Turns: 16147, Time: 00:53:18

Health: -6/85      AC: 12    Str:  6    XL:     13   Next: 30%
Magic:  11/27      EV: 20    Int: 23    God:    Kikubaaqudgha [*****.]
Gold:   929        SH:  8    Dex: 14    Spells: 8/28 levels left

rFire    . . .     SeeInvis +   b - +2 falchion (slice)
rCold    . . .     Gourm    .   (shield restricted)
rNeg     . . .     Faith    +   (armour unavailable)
rPois    .         Spirit   .   u - +1 helmet
rElec    .         Reflect  .   y - +1 cloak
rCorr    .         Harm     .   (no gloves)
MR       +....                  w - +0 pair of boots
Stlth    +.........             p - amulet of faith
HPRegen  0.24/turn              A - ring of see invisible
MPRegen  0.20/turn              (no ring)

@: barbed spikes, flying evasively
A: small, magic attunement, unstealthy, unfitting armour, able to fly, AC/SH +7
a: Stop Flying, Receive Corpses, Torment, Renounce Religion


You were on level 11 of the Dungeon.
You worshipped Kikubaaqudgha.
Kikubaaqudgha was extremely pleased with you.
You were not hungry.

You visited 2 branches of the dungeon, and saw 12 of its levels.

You collected 929 gold pieces.

Inventory:

Hand Weapons
 a - a +2 dagger of venom
 b - a +2 falchion of slicing (weapon)
 g - the cursed +0 short sword of Extermination {elec, +Blink SInv, unknown}
   (You found it on level 10 of the Dungeon)

   Occasionally, upon striking a foe, it will discharge some electrical energy
   and cause terrible harm.
   It lets you see invisible.
   It lets you blink.
   It has a curse placed upon it.
 C - a +2 falchion of flaming
 K - a +0 whip of flaming
 M - a +4 dagger of chaos
Missiles
 f - 784 sling bullets
 k - 236 tomahawks (quivered)
 z - 2377 stones
Armour
 u - a +1 helmet (worn)
 w - a +0 pair of boots (worn)
 y - a +1 cloak (worn)
Jewellery
 p - an amulet of faith (around neck)
 A - a ring of see invisible (left hand)
Wands
 m - a wand of iceblast (8)
 J - a wand of random effects (5)
Scrolls
 d - a scroll of enchant weapon
 i - a scroll of amnesia {unknown}
 j - 5 scrolls of noise
 n - 3 scrolls of teleportation
 o - 4 scrolls of enchant armour
 r - 2 scrolls of remove curse {@r2}
 x - a scroll of immolation
 G - a scroll of magic mapping {unknown}
 H - 5 scrolls of blinking {@r4}
 Q - a scroll of torment {unknown}
Potions
 h - 2 potions of cancellation
 l - 3 potions of lignification
 q - a potion of magic
 s - a potion of haste {@q4 !q}
 t - a potion of resistance {unknown}
 D - a potion of flight {unknown}
 E - a potion of heal wounds {unknown}
 F - 2 potions of might {@q3 !q}
 L - 3 potions of ambrosia
 N - 2 potions of curing
Miscellaneous
 B - a sack of spiders
 I - a lightning rod (4/4)
 P - a box of beasts
Comestibles
 e - 20 rations {!d}


   Skills:
 * Level 6.7 Fighting
 - Level 4.0 Long Blades
 + Level 6.6 Dodging
 - Level 1.5 Stealth
 - Level 8.0 Spellcasting
 - Level 11.0 Conjurations
 + Level 12.4 Necromancy
 - Level 12.2 Earth Magic
 - Level 7.1 Evocations


You had 8 spell levels left.
You knew the following spells:

 Your Spells              Type           Power        Failure   Level  Hunger
a - Bolt of Draining      Conj/Necr      ######....   1%          5    None
b - Pain                  Necr           ####         1%          1    None
c - Vampiric Draining     Necr           ######....   1%          3    None
d - Borgnjor's Vile Clut  Necr/Erth      ######....   7%          6    None
e - Animate Dead          Necr           N/A          1%          4    None
f - Animate Skeleton      Necr           N/A          1%          1    None

Your spell library contained the following spells:

 Spells                   Type           Power        Failure   Level  Hunger
 Sandblast                Erth           ######       1%          1    None
 Corpse Rot               Necr           N/A          1%          2    None
 Sublimation of Blood     Necr           ######....   1%          2    None
 Regeneration             Chrm/Necr      #####.....   1%          3    None
 Agony                    Necr           ######..     1%          5    None
 Death Channel            Necr           ######....   6%          6    None
 Apportation              Tloc           #.....       7%          1    None
 Infusion                 Chrm           #.......     7%          1    None
 Slow                     Hex            #.......     7%          1    None
 Summon Butterflies       Summ           #.......     7%          1    None


Dungeon Overview and Level Annotations

Branches:
Dungeon (11/12)            Temple (1/1) D:4            Lair (0/6) D:9
    Orc (0/1) D:9
 Vaults: D:11-12

Altars:
Ashenzari
Cheibriados
Dithmenos
Elyvilon
Fedhas
Gozag
Hepliaklqana
Kikubaaqudgha
Lugonu
Makhleb
Nemelex Xobeh
Okawaru
Qazlal
Ru
Sif Muna
Trog
Uskayaw
Vehumet
Wu Jian
Xom
Yredelemnul
Zin
The Shining One


Innate Abilities, Weirdness & Mutations

Your spells do not cause hunger and MP costs are reduced by 1.
Your bright wings attract enemies. (Stealth-)
You cannot fit into any form of body armour.
Your shimmering scales are hard and can block incoming attacks. (AC +7, SH +7)
You are small and have problems with some larger weapons.
You can fly continuously.


Message History

Casting: Bolt of Draining (safe; 1% risk of failure)
Confirm with . or Enter, or press ? or * to list all spells.
Aiming: Bolt of Draining (safe; 1% risk of failure)
Press: ? - help, Shift-Dir - straight line, f/p - troll
Aim: a troll The bolt of negative energy hits your adder zombie.
Your adder zombie completely resists.
The bolt of negative energy hits the troll.
The troll is drained!
The troll is almost dead.
Your adder zombie barely misses the troll.
The troll barely misses your adder zombie.
The troll claws your adder zombie. x2
Your deep elf mage zombie barely misses the troll.
Your adder zombie barely misses the troll.
Your ettin zombie hits the troll!
The troll dies!
Kikubaaqudgha accepts your kill.
Found 81 arrows.
F - 2 potions of might {@q3 !q} (gained 1)
You swap places.
Okay, then.
Drop what? 42/52 slots (_ for help) (? for menu, Esc to quit)
You drop a potion of degeneration.
As you read the scroll of identify {@r1}, it crumbles to dust.
L - 3 potions of ambrosia
As you read the scroll of identify {@r1}, it crumbles to dust.
N - 2 potions of curing
Okay, then.
A phantasmal warrior comes into view.
The phantasmal warrior blinks!
Found a glaive.
Throwing (i - inventory. (/) - cycle)
k - 237 tomahawks (quivered)
Press: ? - help, Shift-Dir - straight line, f - phantasmal warrior
Aim: a phantasmal warrior You throw a tomahawk.
The tomahawk hits the phantasmal warrior but does no damage.
Your adder zombie bites the phantasmal warrior.
You hit the phantasmal warrior but do no damage.
The phantasmal warrior is lightly damaged.
The phantasmal warrior hits you!
Your deep elf archer zombie hits the phantasmal warrior.
Your adder zombie barely misses the phantasmal warrior.
You barely miss the phantasmal warrior.
The phantasmal warrior is lightly damaged.
You block the phantasmal warrior's attack.
Your ettin zombie hits the phantasmal warrior!
Your ettin zombie hits the phantasmal warrior!!
Your deep elf archer zombie closely misses the phantasmal warrior.
Your adder zombie bites the phantasmal warrior but does no damage.
You closely miss the phantasmal warrior.
The phantasmal warrior is severely damaged.
The phantasmal warrior barely misses you.
Your adder zombie barely misses the phantasmal warrior.
Your ettin zombie hits the phantasmal warrior!!
The phantasmal warrior is destroyed!
Kikubaaqudgha accepts your kill.
An adder comes into view.
The adder hisses angrily.
You block the adder's attack.
Found a stone staircase leading down.
You see here a glaive.
Casting: Bolt of Draining (safe; 1% risk of failure)
Confirm with . or Enter, or press ? or * to list all spells.
Aiming: Vampiric Draining (safe; 1% risk of failure)
Press: ? - help, Shift-Dir - straight line, f - adder
Aim: an adder The adder is heavily wounded.
You feel life coursing into your body. The adder bites you.
Casting: Vampiric Draining (safe; 1% risk of failure)
Confirm with . or Enter, or press ? or * to list all spells.
Aiming: Vampiric Draining (safe; 1% risk of failure)
Press: ? - help, Shift-Dir - straight line, f/p - adder
Aim: an adder (heavily wounded)
You kill the adder!
Kikubaaqudgha accepts your kill.
You feel life coursing into your body.
A manticore comes into view.
Found a scroll of fear.
An ice beast comes into view.
Found a scroll of noise and a pair of boots.
You swap places.
The manticore flicks its tail.
The volley of spikes hits you!
The barbed spikes become lodged in your body.
* * * LOW HITPOINT WARNING * * *
The barbs in your skin will harm you if you move.
Continue?
Okay, then.
Unknown command.
Casting: Vampiric Draining (safe; 1% risk of failure)
Confirm with . or Enter, or press ? or * to list all spells.
Aiming: Bolt of Draining (safe; 1% risk of failure)
Press: ? - help, Shift-Dir - straight line, f - manticore
Aim: a manticore The bolt of negative energy misses the manticore.
The manticore flicks its tail.
The volley of spikes hits you!
The barbed spikes become lodged in your body.
You die...
Kikubaaqudgha rasps: "You have failed me!
Welcome... death!"

#............. ..
#............. ..
..... #.............
.. ....[
#....ZZ.....##
....?.
#####..Z...... ...H.
#####Z#.....##
#...###.Z.....###..#
###....#)###.### ..
.#....Z.@Z# #.#
..Y>......# ..#
...............
.?.......#####.
.......... .#
..........# ##
..........#
...........
............


You could see a manticore, an ice beast, a friendly adder zombie, a friendly
yaktaur captain zombie and a friendly deep elf archer zombie.

Vanquished Creatures
  A hydra (D:8)
  An ogre mage (D:10)
  A centaur warrior (D:7)
  A catoblepas (D:8)
  7 two-headed ogres
  3 death yaks
  A skeletal warrior (D:9)
  Pikel (D:8)
  2 cyclopes
  A deep elf mage (D:9)
  A manticore (D:10)
  Joseph (D:8)
  7 trolls
  2 hippogriffs
  5 slime creatures (D:10)
  2 dream sheep (D:8)
  Sigmund (D:3)
  17 yaks
  Eustachio (D:4)
  A wyvern (D:10)
  Duvessa (D:4)
  5 orc warriors
  6 sky beasts
  An ice beast (D:4)
  3 slaves (D:8)
  A necrophage (D:10)
  3 ogres
  A phantom (D:9)
  4 centaurs
  3 big kobolds (D:8)
  A crocodile (D:9)
  5 bullfrogs
  Dowan (D:4)
  2 scorpions
  A killer bee (D:7)
  4 howler monkeys
  A wight (D:7)
  4 centaur zombies
  6 crimson imps
  A bullfrog zombie (D:5)
  6 hounds
  A quasit (D:6)
  4 jellies
  7 orc priests
  13 orc wizards
  3 iguanas
  6 worker ants
  2 hell rats (D:8)
  A killer bee zombie (D:8)
  A hound skeleton (D:6)
  A mummy (D:7)
  2 worker ant zombies
  Robin (D:4)
  3 gnolls (D:9)
  13 adders
  A river rat (D:8)
  A shadow imp (D:5)
  An ooze (D:1)
  An adder skeleton (D:4)
  An adder zombie (D:8)
  2 worms (D:2)
  6 leopard geckos
  44 orcs
  2 bats (D:1)
  12 goblins
  5 hobgoblins
  5 jackals
  4 quokkas
  A ball python (D:1)
  7 frilled lizards
  A jackal zombie (D:6)
  3 kobolds
  4 rats
276 creatures vanquished.

Vanquished Creatures (collateral kills)
  A slime creature (D:10)
  A hydra (D:7)
  Psyche (D:9)
  A phantasmal warrior (D:11)
  A wolf spider zombie (D:11)
  A centaur skeleton (D:9)
  A troll (D:11)
  A hornet (D:9)
  4 yaks (D:9)
  A hungry ghost (D:9)
  A porcupine (D:9)
  2 orc warriors (D:9)
  An ice beast (D:9)
  A centaur (D:9)
  A bullfrog (D:9)
  A crimson imp (D:9)
  An orc priest (D:9)
  A bullfrog skeleton (D:7)
  A worker ant (D:7)
  An iguana (D:9)
  2 hell rats (D:9)
  An adder (D:9)
  A gnoll (D:9)
  8 orcs (D:9)
  3 jackals (D:9)
  A quokka (D:9)
  A plant (D:8)
41 creatures vanquished.

Vanquished Creatures (others)
  An orc wizard (D:3)
  An orc (D:7)
  2 plants (D:8)
4 creatures vanquished.

Grand Total: 321 creatures vanquished

Notes
Turn   | Place    | Note
-------+----------+-------------------------------------------
     0 | D:1      | MisterOstroum the Fairy Necromancer began the quest for the
                  | Orb.
     0 | D:1      | Reached XP level 1. HP: 11/11 MP: 6/6
   187 | D:1      | Reached XP level 2. HP: 14/17 MP: 7/7
   296 | D:1      | Learned a level 1 spell: Animate Skeleton
   302 | D:1      | Reached skill level 5 in Necromancy
  1024 | D:1      | Reached skill level 1 in Fighting
  1024 | D:1      | Reached XP level 3. HP: 22/23 MP: 9/9
  1029 | D:1      | Learned a level 3 spell: Vampiric Draining
  1891 | D:2      | Noticed a phantom
  2108 | D:3      | Reached skill level 1 in Evocations
  2132 | D:3      | Found a shadowy altar of Dithmenos.
  2246 | D:3      | Noticed a centaur
  2260 | D:3      | Killed a centaur
  2260 | D:3      | Reached XP level 4. HP: 19/28 MP: 9/11
  2260 | D:3      | Reached XP level 5. HP: 23/33 MP: 9/12
  2549 | D:3      | Noticed an ogre
  2692 | D:2      | Learned a level 5 spell: Bolt of Draining
  2856 | D:4      | Reached skill level 1 in Conjurations
  2958 | D:4      | Noticed Robin
  2982 | D:4      | Noticed Dowan
  2983 | D:4      | Noticed Duvessa
  3127 | D:3      | Noticed Sigmund
  3143 | D:3      | Killed Sigmund
  3143 | D:3      | Reached XP level 6. HP: 32/38 MP: 8/14
  3537 | D:3      | Learned a level 4 spell: Animate Dead
  3750 | D:4      | Found a staircase to the Ecumenical Temple.
  3756 | Temple   | Entered the Ecumenical Temple
  3879 | Temple   | Became a worshipper of Kikubaaqudgha
  3930 | D:4      | Reached XP level 7. HP: 35/43 MP: 10/15
  4177 | D:4      | Killed Robin
  4332 | D:4      | Noticed Eustachio
  4345 | D:5      | Entered Level 5 of the Dungeon
  4363 | D:5      | Reached * piety under Kikubaaqudgha
  4363 | D:5      | Identified Kikubaaqudgha's Collected Works on Sinister Arts
                  | (Kikubaaqudgha gifted it to you on level 5 of the Dungeon)
  4363 | D:5      | Received a gift from Kikubaaqudgha
  4691 | D:4      | Killed Eustachio
  4691 | D:4      | Reached skill level 5 in Conjurations
  5295 | D:4      | Killed Dowan
  5295 | D:4      | Reached skill level 5 in Spellcasting
  5295 | D:4      | Reached XP level 8. HP: 40/52 MP: 14/17
  5337 | D:4      | Killed Duvessa
  5922 | D:5      | Noticed a yak
  5987 | D:5      | Noticed a yak
  5987 | D:5      | Noticed a yak
  5987 | D:5      | Noticed a yak
  5987 | D:5      | Noticed a yak
  6002 | D:5      | Killed a yak
  6008 | D:5      | Killed a yak
  6008 | D:5      | Reached skill level 5 in Fighting
  6019 | D:5      | Killed a yak
  6019 | D:5      | Reached XP level 9. HP: 44/61 MP: 1/18
  6571 | D:5      | Reached ** piety under Kikubaaqudgha
  8296 | D:6      | Reached skill level 1 in Long Blades
  8325 | D:7      | Noticed a troll
  8348 | D:7      | Noticed a troll
  8439 | D:7      | Noticed a troll
  8453 | D:7      | Killed a troll
  8555 | D:7      | Reached XP level 10. HP: 60/66 MP: 19/19
  8650 | D:7      | Noticed a centaur warrior
  8650 | D:7      | Noticed a cyclops
  8656 | D:7      | HP: 3/66 [centaur warrior/arrow (33)]
  9026 | D:7      | Killed a centaur warrior
  9128 | D:7      | Reached skill level 5 in Dodging
  9178 | D:7      | Reached skill level 10 in Necromancy
  9287 | D:7      | Reached *** piety under Kikubaaqudgha
  9287 | D:7      | Identified Kikubaaqudgha's Papyrus of Black Rituals
                  | (Kikubaaqudgha gifted it to you on level 7 of the Dungeon)
  9287 | D:7      | Received a gift from Kikubaaqudgha
  9287 | D:7      | Reached skill level 10 in Conjurations
  9404 | D:7      | Noticed a six-headed hydra
  9414 | D:7      | Killed a six-headed hydra
  9729 | D:7      | Killed a cyclops
  9868 | D:7      | Reached skill level 5 in Evocations
 10206 | D:7      | Learned a level 6 spell: Borgnjor's Vile Clutch
 10561 | D:7      | Reached skill level 1 in Earth Magic
 10561 | D:7      | Reached XP level 11. HP: 46/71 MP: 12/23
 10743 | D:8      | Noticed Pikel
 10749 | D:8      | Killed Pikel
 10847 | D:8      | Found a snail-covered altar of Cheibriados.
 11072 | D:8      | Noticed a two-headed hydra
 11076 | D:8      | Killed a two-headed hydra
 11293 | D:8      | Reached skill level 5 in Earth Magic
 11473 | D:8      | Noticed a catoblepas
 11475 | D:8      | Reached **** piety under Kikubaaqudgha
 11484 | D:8      | Killed a catoblepas
 11794 | D:8      | Found a shattered altar of Ashenzari.
 11796 | D:8      | Noticed Joseph
 11800 | D:8      | Killed Joseph
 12228 | D:9      | Noticed a two-headed ogre
 12229 | D:9      | Noticed Psyche
 12231 | D:9      | Killed a two-headed ogre
 12395 | D:9      | Found a staircase to the Lair.
 12395 | D:9      | Noticed a death yak
 12396 | D:9      | Noticed a death yak
 12398 | D:9      | Noticed a death yak
 12415 | D:8      | Killed a death yak
 12719 | D:9      | Killed Psyche
 12822 | D:9      | Reached ***** piety under Kikubaaqudgha
 12850 | D:9      | Reached XP level 12. HP: 64/77 MP: 9/24
 13099 | D:9      | Killed a death yak
 13110 | D:9      | Killed a death yak
 13199 | D:9      | Reached skill level 10 in Earth Magic
 13328 | D:9      | Noticed a two-headed ogre
 13334 | D:9      | Killed a two-headed ogre
 13676 | D:9      | Found a staircase to the Orcish Mines.
 14019 | D:9      | Found a stormy altar of Qazlal.
 14527 | D:10     | Entered Level 10 of the Dungeon
 14805 | D:10     | Got a pitted short sword
 15025 | D:10     | Noticed an ogre mage
 15025 | D:10     | Noticed a two-headed ogre
 15025 | D:10     | Noticed a two-headed ogre
 15026 | D:10     | Noticed a two-headed ogre
 15028 | D:10     | Killed a two-headed ogre
 15028 | D:10     | Killed an ogre mage
 15029 | D:10     | Noticed a two-headed ogre
 15031 | D:10     | Killed a two-headed ogre
 15033 | D:10     | Killed a two-headed ogre
 15033 | D:10     | Reached XP level 13. HP: 82/82 MP: 3/27
 16147 | D:11     | Killed from afar by a manticore

Skill      XL: |  1  2  3  4  5  6  7  8  9 10 11 12 13 |
---------------+----------------------------------------+-----
Necromancy     | 5 6 7 9 10 12 | 12.4
Fighting       | 1 3 5 6 |  6.7
Spellcasting   | 3 4 5 6 7 8 |  8.0
Evocations     | 3 5 7 |  7.1
Conjurations   | 3 4 5 7 9 10 11 | 11.0
Long Blades    | 1 4 |  4.0
Dodging        | 3 5 6 |  6.6
Earth Magic    | 1 9 12 | 12.2
Stealth        | |  1.5

Action                   |  1- 3 |  4- 6 |  7- 9 | 10-12 | 13-15 || total
-------------------------+-------+-------+-------+-------+-------++-------
Melee: Dagger            |     6 |    12 |   120 |    34 |     9 ||   181
       Falchion          |       |       |   272 |   241 |    61 ||   574
       Whip              |       |       |    43 |       |       ||    43
Throw: Stone             |       |       |     3 |     2 |       ||     5
       Tomahawk          |       |       |       |       |     4 ||     4
 Cast: Pain              |    64 |    65 |   147 |    18 |       ||   294
       Animate Skeleton  |     3 |     1 |     1 |       |       ||     5
       Vampiric Draining |     1 |     7 |    75 |    67 |     2 ||   152
       Bolt of Draining  |       |     1 |       |   134 |    21 ||   156
       Animate Dead      |       |       |     2 |    16 |     3 ||    21
       Borgnjor's Vile C |       |       |       |     4 |       ||     4
Invok: Receive Corpses   |       |       |       |     1 |     2 ||     3
       Torment           |       |       |       |     1 |       ||     1
Evoke: Box of beasts     |       |       |       |     1 |       ||     1
  Use: Scroll            |       |     3 |     6 |     1 |     4 ||    14
       Potion            |       |       |       |     5 |       ||     5
 Stab: Sleeping          |       |       |     1 |       |       ||     1
       Distracted        |       |       |       |     3 |       ||     3
  Eat: Chunk             |     4 |     5 |    13 |    17 |     1 ||    40
       Ration            |       |       |     2 |     1 |     1 ||     4
Armor: Skin              |     1 |     9 |   173 |    98 |    13 ||   294
Dodge: Dodged            |    17 |    42 |   467 |   267 |    70 ||   863
Block: Other             |     6 |    15 |   175 |   173 |    28 ||   397
